 Dungeon Crawl Stone Soup version 0.24.0-1-gfbc8707122 (webtiles) character file.

Game seed: 7836802181423920282, levelgen mode: deterministic

10285 Looknius the Basher (level 11, -1/97 HPs)
             Began as a Minotaur Abyssal Knight on Oct 27, 2019.
             Was a High Priest of Lugonu.
             Slain by an ogre mage
             ... wielding a +0 whip
              (7 damage)
             ... while paralysed by an ogre mage
             ... on level 11 of the Dungeon.
             The game lasted 00:52:18 (9648 turns).

Looknius the Basher (Minotaur Abyssal Knight)       Turns: 9648, Time: 00:52:19

Health: -1/97      AC: 19    Str: 21      XL:     11   Next: 34%
Magic:  11/11      EV:  2    Int:  8 (9)  God:    Lugonu [*****.]
Gold:   549        SH:  0    Dex:  8 (9)  Spells: 10/10 levels left

rFire    . . .     SeeInvis +   m - +3 mace (distort)
rCold    + . .     Gourm    .   S - +0 large shield
rNeg     . . .     Faith    .   p - +0 plate armour
rPois    .         Spirit   .   (helmet restricted)
rElec    .         Reflect  .   E - +0 cloak
rCorr    .         Harm     .   R - +0 pair of gloves
MR       .....                  h - +1 pair of boots
Stlth    ..........             l - amulet of magic regeneration
HPRegen  0.26/turn              f - ring of protection from cold
MPRegen  0.37/turn              s - ring of see invisible

@: paralysed, very slightly contaminated, invisible
A: retaliatory headbutt, horns 2
a: Depart the Abyss, Bend Space, Banish, Corrupt, Enter the Abyss, Renounce
Religion


You were on level 11 of the Dungeon.
You worshipped Lugonu.
Lugonu was extremely pleased with you.
You were not hungry.

You visited 2 branches of the dungeon, and saw 12 of its levels.
You visited the Abyss 1 time.
You also visited: Ossuary.

You collected 549 gold pieces.

Inventory:

Hand Weapons
 a - a +1 mace
 d - a +0 hunting sling
 m - a +3 mace of distortion (weapon)
 o - a +0 battleaxe
 z - a +3 quarterstaff of chaos
 D - a +4 hand axe
 M - a +0 shortbow
 O - a +0 war axe of chopping
Missiles
 b - 51 stones
 n - 5 boomerangs (quivered)
 u - 41 bolts
 A - 115 arrows
 L - 32 poisoned darts
Armour
 h - a +1 pair of boots (worn)
 p - a +0 plate armour (worn)
 x - a +1 scale mail of fire resistance
 E - a +0 cloak (worn)
 I - a scarf of resistance
 R - a +0 pair of gloves (worn)
 S - a +0 large shield (worn)
Jewellery
 f - a ring of protection from cold (left hand)
 k - an uncursed ring of wizardry
 l - an amulet of magic regeneration (around neck)
 s - a ring of see invisible (right hand)
 H - a cursed ring of attention {unknown}
 Z - an uncursed amulet of guardian spirit
Wands
 g - a wand of digging (5)
 N - a wand of paralysis (6)
 T - a wand of flame (45)
 U - a wand of iceblast (19)
 V - a wand of polymorph (13)
Scrolls
 e - 2 scrolls of teleportation {unknown}
 i - 7 scrolls of immolation
 q - a scroll of amnesia
 r - 3 scrolls of fog
 y - 2 scrolls of magic mapping {unknown}
 G - a scroll of blinking {unknown}
 P - 4 scrolls of remove curse
 Q - a scroll of fear {unknown}
 W - a scroll of summoning {unknown}
 Y - a scroll of random uselessness {unknown}
Potions
 j - 2 potions of flight
 t - 2 potions of agility
 v - a potion of invisibility
 w - 5 potions of curing {unknown}
 B - 6 potions of degeneration
 C - 6 potions of lignification
 F - a potion of might {unknown}
 J - 2 potions of ambrosia
 K - a potion of haste {unknown}
 X - a potion of magic
Comestibles
 c - 8 rations


   Skills:
 + Level 9.3 Fighting
 + Level 11.7 Maces & Flails
 + Level 0.4 Throwing
 + Level 9.9 Armour
 + Level 3.7 Dodging
 + Level 1.4 Stealth
 + Level 11.5 Shields
 + Level 1.9 Invocations


You had 10 spell levels left.
You didn't know any spells.
Your spell library was empty.

Dungeon Overview and Level Annotations

Branches:
Dungeon (11/15)            Temple (0/1) D:4            Lair (2/6) D:10
Ossuary (visited)
  Swamp: Lair:2-4    Shoals: Lair:2-4     Snake: Lair:2-4    Spider: Lair:2-4
    Orc: D:9-12

Altars:
Ashenzari
Dithmenos
Kikubaaqudgha
Makhleb
Qazlal
Trog
Uskayaw
Yredelemnul

Shops:
D:10 %

Annotations:
D:4 Natasha
Lair:1 exclusion: oklob plant
Abyss:1 Nergalle, Pikel


Innate Abilities, Weirdness & Mutations

You reflexively headbutt those who attack you in melee.
You have a pair of horns on your head.


Message History

* * * LOW HITPOINT WARNING * * *
Unknown command.
You can't go down here!
You can't go up here!
The ogre mage casts a spell at the two-headed ogre.
The two-headed ogre seems to speed up.
You block the centaur warrior zombie's attack.
The two-headed ogre hits you with a +0 giant club.
* * * LOW HITPOINT WARNING * * *
You block the two-headed ogre's attack.
You block the centaur warrior zombie's attack.
Okay, then.
The ogre mage points at you and mumbles some strange words.
You suddenly lose the ability to move!
The centaur warrior zombie hits you but does no damage.
The centaur warrior zombie hits you but does no damage.
The ogre mage hits you but does no damage.
The centaur warrior zombie hits you but does no damage.
The ogre mage hits you with a +0 whip!
You die...

#### ######## #...
##########......# #...
#####...........@Z..# #...
.................O..# ########O..
......#####.......OO###..O.5..D..
......#...#.......o.O5..######...
......+...#.####+#'#..O.# +...
......#...#.#......#....# #...
......#...#.#......#....# #...
......#...'.#......#....# #...
......#...#.#.....##....#### #...


You could see 2 two-headed ogres, an ogre mage, an orc warrior, 2 ogres, a
crimson imp and a centaur warrior zombie.

Vanquished Creatures
  A cyclops (D:11)
  An ugly thing (D:11)
  2 gargoyles (D:10)
  A spiny frog (Lair:1)
  A komodo dragon (Lair:1)
  A kobold demonologist (D:9)
  2 hippogriffs
  A spriggan (D:9)
  14 yaks
  Menkaure (D:4)
  3 water moccasins
  2 porcupines (Lair:1)
  2 orc warriors
  A black bear (D:7)
  A sky beast (D:11)
  A slave (D:8)
  An ogre (D:11)
  A centaur (D:9)
  2 crocodiles (Lair:1)
  5 big kobolds
  3 bullfrogs
  A wyvern skeleton (D:11)
  A scorpion (D:5)
  4 howler monkeys
  2 crimson imps
  5 orc wizards
  A centaur zombie (Ossuary)
  2 hounds
  2 jellies
  Crazy Yiuf (D:3)
  2 orc priests
  2 iguanas
  4 worker ants
  3 mummies (Ossuary)
  4 gnolls (D:4)
  12 adders
  3 shadow imps
  An ooze (D:2)
  3 adder zombies
  6 worms
  3 dart slugs
  6 leopard geckos
  32 orcs
  5 bats
  4 giant cockroaches
  A gnoll zombie (Ossuary)
  15 goblins
  11 hobgoblins
  6 jackals
  5 quokkas
  A ball python (D:3)
  A ball python skeleton (D:4)
  3 frilled lizards
  A goblin zombie (Ossuary)
  2 hobgoblin zombies (Ossuary)
  A jackal skeleton (D:5)
  49 kobolds
  8 kobold skeletons (D:9)
  10 kobold zombies (D:9)
  An orc zombie (Ossuary)
  4 rats
275 creatures vanquished.

Vanquished Creatures (others)
  A two-headed ogre (D:9)
  An unseen horror (D:10)
  4 yaks
  A basilisk (Lair:1)
  A slave (D:8)
  An orc warrior (D:9)
  A big kobold (D:9)
  A bullfrog (D:7)
  A scorpion (D:11)
  2 human zombies (Ossuary)
  A jelly (D:10)
  2 orc wizards
  A hound zombie (D:5)
  A hound skeleton (D:7)
  A mummy (Ossuary)
  A howler monkey skeleton (D:10)
  An adder zombie (D:5)
  A leopard gecko (D:1)
  2 orcs
  A kobold (D:8)
  A fungus (Lair:2)
  2 plants (Lair:1)
29 creatures vanquished.

Grand Total: 304 creatures vanquished

Notes
Turn   | Place    | Note
-------+----------+-------------------------------------------
     0 | Abyss:1  | Looknius the Minotaur Abyssal Knight began the quest for
                  | the Orb.
     0 | Abyss:1  | Reached XP level 1. HP: 19/19 MP: 1/1
    50 | D:1      | Escaped the Abyss
   154 | D:1      | Reached XP level 2. HP: 22/27 MP: 2/2
   618 | D:1      | Reached ** piety under Lugonu
   788 | D:2      | Reached XP level 3. HP: 34/34 MP: 3/3
   822 | D:2      | Reached skill level 5 in Fighting
   877 | D:2      | Reached XP level 4. HP: 30/42 MP: 4/4
  1769 | D:3      | Found a bloodstained altar of Trog.
  1782 | D:3      | Reached *** piety under Lugonu
  1933 | D:3      | Reached XP level 5. HP: 31/48 MP: 5/5
  2038 | D:3      | Found a runed translucent door.
  2039 | D:3      | Noticed Crazy Yiuf
  2048 | D:3      | Killed Crazy Yiuf
  2395 | D:3      | Found a stormy altar of Qazlal.
  2395 | D:3      | Noticed a fire elemental
  2396 | D:3      | Noticed an air elemental
  2396 | D:3      | Noticed a water elemental
  2524 | D:4      | Reached skill level 1 in Shields
  2593 | D:4      | Noticed Natasha
  2690 | D:4      | Noticed Menkaure
  2696 | D:4      | Killed Menkaure
  2696 | D:4      | Reached XP level 6. HP: 37/56 MP: 6/6
  3203 | D:4      | Found a staircase to the Ecumenical Temple.
  3429 | D:4      | Reached skill level 5 in Maces & Flails
  3725 | D:5      | Entered Level 5 of the Dungeon
  3725 | D:5      | Noticed a sky beast
  3741 | D:5      | Found a hide-covered altar of Uskayaw.
  3743 | D:5      | Found a shattered altar of Ashenzari.
  3974 | D:5      | Found a shadowy altar of Dithmenos.
  4082 | D:5      | Reached skill level 5 in Armour
  4082 | D:5      | Reached XP level 7. HP: 62/62 MP: 7/7
  4087 | D:5      | You fall into a shaft and drop 2 floors!
  4201 | D:7      | Reached **** piety under Lugonu
  4252 | D:7      | Got a fine robe
  4263 | D:7      | Identified the cursed +1 robe of Vlad {+Blink rN+ Str-4
                  | SInv} (You found it on level 7 of the Dungeon)
  4721 | D:7      | Reached XP level 8. HP: 70/70 MP: 8/8
  5141 | D:8      | Found a sand-covered staircase.
  5155 | Ossuary  | Entered an ossuary
  5706 | D:8      | Noticed Pikel
  5721 | D:8      | Banished Pikel
  6011 | D:8      | Found a basalt altar of Yredelemnul.
  6087 | D:9      | Noticed a two-headed ogre
  6105 | D:9      | Reached skill level 5 in Shields
  6109 | D:9      | Banished a two-headed ogre
  6109 | D:9      | Reached XP level 9. HP: 76/79 MP: 9/9
  6113 | D:9      | Reached skill level 1 in Stealth
  6166 | D:9      | Reached skill level 10 in Maces & Flails
  6223 | D:8      | Reached XP level 10. HP: 25/89 MP: 10/10
  6589 | D:9      | Reached ***** piety under Lugonu
  7046 | D:9      | Found an ancient bone altar of Kikubaaqudgha.
  7240 | D:10     | Entered Level 10 of the Dungeon
  7240 | D:10     | Found Ysufok's Food Boutique.
  7258 | D:10     | Noticed a gargoyle
  7267 | D:10     | Noticed a gargoyle
  7348 | D:9      | Found a burning altar of Makhleb.
  7349 | D:9      | Found an ancient bone altar of Kikubaaqudgha.
  7402 | D:10     | Noticed an unseen horror
  7413 | D:10     | Banished an unseen horror
  7507 | D:10     | Killed a gargoyle
  7507 | D:10     | Reached skill level 10 in Shields
  7765 | D:10     | Killed a gargoyle
  7832 | D:10     | Found a staircase to the Lair.
  7842 | Lair:1   | Entered Level 1 of the Lair of Beasts
  7906 | Lair:1   | Noticed Nergalle
  7954 | Lair:1   | Banished Nergalle
  8002 | Lair:1   | Noticed an oklob plant
  8012 | Lair:1   | Reached XP level 11. HP: 47/97 MP: 11/11
  8571 | Lair:2   | Noticed a five-headed hydra
  8998 | D:11     | Noticed a six-headed hydra
  9120 | D:11     | Noticed a brown ugly thing
  9154 | D:11     | Killed a brown ugly thing
  9611 | D:11     | Noticed a two-headed ogre
  9611 | D:11     | Noticed a two-headed ogre
  9613 | D:11     | Noticed an ogre mage
  9613 | D:11     | Noticed a two-headed ogre
  9631 | D:11     | Paralysed by an ogre mage for 6 turns
  9646 | D:11     | Paralysed by an ogre mage for 4 turns
  9648 | D:11     | Slain by an ogre mage

Levels and vault maps discovered:
D:1:      nzn_arrival_crosshair, layout_loops_ring
D:2:      layout_basic, first_ration, grunt_ministairs_11,
          nicolae_underground_beach
D:3:      minmay_chambers_of_threes, layout_basic,
          nicolae_qazlal_style_of_elements, trog_three_pillars_becter,
          uniq_crazy_yiuf_cottage
D:4:      layout_gridville, minmay_temple_entry_stoned_glass, uniq_natasha,
          uniq_menkaure
D:5:      minmay_thick_lines, layout_loops_ring, xom_butterflies,
          nicolae_dithmenos_shadow_blocks,
          chequers_temple_overflow_statue_of_worship
D:7:      layout_rooms
D:8:      layout_loops_cross, yredelemnul_altar_generic, enter_ossuary_5,
          uniq_pikel
D:9:      wander_kiku_kobolds, layout_rooms, gammafunk_temple_overflow_statue,
          the_bakery
D:10:     layout_rooms, lair_entry_dummy, serial_shops, shop_fountains,
          corner_web_ring
D:11:     layout_irregular_city, orc_0_dummy
Lair:1:   layout_hall_layers, minmay_lair_oklob_chamber, grunt_megastairs_1,
          uniq_nergalle
Lair:2:   layout_gridlike, serial_bayou_lagoon_a, st_stairs_11,
          minmay_lair_oklob_items

Skill      XL: |  1  2  3  4  5  6  7  8  9 10 11 |
---------------+----------------------------------+-----
Fighting       | 4 5 6 7 8 9 |  9.3
Armour         | 3 4 5 7 8 9 |  9.9
Maces & Flails | 3 4 5 6 8 10 11 | 11.7
Shields        | 1 2 3 5 7 10 11 | 11.5
Dodging        | 2 3 |  3.7
Stealth        | 1 |  1.4
Throwing       | |  0.4
Invocations    | |  1.9

Action                   |  1- 3 |  4- 6 |  7- 9 | 10-12 || total
-------------------------+-------+-------+-------+-------++-------
Melee: Mace              |    57 |   178 |   255 |   407 ||   897
       Headbutt          |     4 |    26 |    47 |    53 ||   130
Throw: Boomerang         |       |     4 |       |       ||     4
Invok: Bend Space        |       |       |     2 |     1 ||     3
  Use: Potion            |     1 |     1 |     3 |     8 ||    13
       Scroll            |     3 |     2 |     8 |     4 ||    17
 Stab: Invisible         |       |       |       |     3 ||     3
  Eat: Chunk             |       |     5 |       |       ||     5
       Ration            |       |     2 |     2 |     4 ||     8
Armor: Ring mail         |    18 |    69 |       |       ||    87
       Chain mail        |       |    30 |    42 |       ||    72
       Plate armour      |       |       |    81 |   311 ||   392
Dodge: Dodged            |    40 |    93 |    43 |    94 ||   270
Block: Shield            |       |    69 |    42 |       ||   111
       Large shield      |       |       |   118 |   544 ||   662
